 Dungeon Crawl Stone Soup version 0.31-a0-700-gf13585253f (webtiles) character file.

Game seed: 3851775744238248252

180 qw the Shooter (level 5, -1/32 HPs)
             Began as a Gargoyle Hunter on Sept 7, 2023.
             Killed from afar by an orc wizard (5 damage)
             ... with a magic dart
             ... on level 4 of the Dungeon.
             The game lasted 00:01:00 (2674 turns).

qw the Shooter (Gargoyle Hunter)                    Turns: 2674, Time: 00:01:01

Health: -1/32      AC:  9    Str: 20    XL:     5   Next: 60%
Magic:  5/5        EV: 11    Int: 10    God:
Gold:   114        SH:  0    Dex: 15    Spells: 4/4 levels left

rFire   . . .        Y - +0 shortbow
rCold   . . .        (shield currently unavailable)
rNeg    + . .        k - +0 ring mail
rPois   inf          (no helmet)
rElec   +            (no cloak)
rCorr   .            (no gloves)
SInv    .            (no boots)
Will    .....        (no amulet)
Stlth   +            b - +6 ring of strength
HPRegen 0.25/turn    (no ring)
MPRegen 0.09/turn

%: no passive effects
@: no status effects
A: sickness immunity, AC +4, negative energy resistance 1, electricity
resistance, torment resistance 1, petrification resistance
a: no special abilities


You were on level 4 of the Dungeon.
You visited 1 branch of the dungeon, and saw 4 of its levels.

You collected 114 gold pieces.


Innate Abilities, Weirdness & Mutations

You are immune to sickness and miasma.
Your stone body is resilient. (AC +4)
You are immune to poison.
You resist negative energy. (rN+)
You are resistant to electric shocks. (rElec)
You are resistant to unholy torment.
You are immune to petrification.


   Skills:
 + Level 3.6 Fighting
 - Level 6.0 Ranged Weapons
 - Level 1.0 Armour
 - Level 1.5 Dodging
 - Level 1.1 Stealth


You had 4 spell levels left.
You didn't know any spells.
Your spell library was empty.

Inventory:

Hand Weapons
 Y - a +0 shortbow (weapon)
Armour
 k - a +0 ring mail (worn)
Jewellery
 b - a +6 ring of strength (left hand)
Scrolls
 d - a scroll of identify
Potions
 g - a potion of cancellation {unknown}
 h - a potion of might {unknown}
 i - 2 potions of curing
 j - a potion of degeneration {unknown}

Dungeon Overview and Level Annotations

Branches:
Dungeon (4/15)
 Temple: D:4-7

Altars:


Message History

The orc wizard gestures at you while chanting.
The magic dart hits you!
You shoot an arrow.
The arrow closely misses the orc wizard.
You shoot an arrow. The arrow hits the orc wizard.
The orc wizard is moderately wounded.
The orc wizard hits you with a +0 dagger.
You shoot an arrow. The arrow hits the orc wizard.
The orc wizard is severely wounded.
The orc wizard hits you but does no damage.
The orc wizard barely misses you.
You shoot an arrow. The arrow hits the orc wizard.
The orc wizard is severely wounded.
The orc wizard hits you but does no damage.
The orc wizard gestures wildly while chanting.
The orc wizard flickers and vanishes!
Deactivating autopickup; reactivate with Ctrl-A.
The orc wizard hits you but does no damage.
Something hits you but does no damage.
You shoot an arrow. The arrow hits the orc wizard.
The orc wizard is moderately wounded.
You hear the rusting of a drain very nearby.
The orc wizard casts a spell at you. You resist with some effort.
Something hits you but does no damage.
You shoot an arrow. The arrow hits the orc wizard.
The orc wizard is severely wounded.
The orc wizard hits you with a +0 dagger.
Something hits you.
You shoot an arrow.
The arrow hits the orc wizard but does no damage.
The orc wizard is severely wounded.
The orc wizard hits you but does no damage.
Something hits you but does no damage.
You shoot an arrow. The arrow barely misses the orc wizard.
The orc wizard points at you and mumbles some strange words.
The magic dart hits you.
You hear some strange, mumbled words.
A magic dart appears from out of thin air!
The magic dart hits you.
You die...

#......
#.....
#.....
..... #...#
.####...# .
......o{+
...
#..@##.....
###<.......
#####....
##


You could see an orc wizard.

Vanquished Creatures
  A jelly (D:3)
  An orc wizard (D:3)
  A gnoll (D:2)
  2 adders (D:2)
  4 dart slugs
  9 orcs (D:3)
  4 ball pythons
  4 bats
  3 endoplasms
  3 giant cockroaches
  10 goblins
  7 hobgoblins
  5 jackals
  3 quokkas
  5 frilled lizards
  8 kobolds
  2 rats (D:3)
72 creatures vanquished.

Notes
Turn   | Place    | Note
-------+----------+-------------------------------------------
     0 | D:1      | qw the Gargoyle Hunter began the quest for the Orb.
     0 | D:1      | Reached XP level 1. HP: 12/12 MP: 1/1
     0 | D:1      | 0 ||| qw: Version: 0.3-a-76-g4403597
     0 | D:1      | 0 ||| qw: Game counter: 619
     0 | D:1      | 0 ||| qw: Melee chars always use a shield: true
     0 | D:1      | 0 ||| qw: God list: Okawaru
     0 | D:1      | 0 ||| qw: Allow faded altars: false
     0 | D:1      | 0 ||| qw: Do Orc after clearing Dungeon:15 true
     0 | D:1      | 0 ||| qw: Do second Lair branch before Depths: true
     0 | D:1      | 0 ||| qw: Lair rune preference: random
     0 | D:1      | 0 ||| qw: Goals: Normal
     0 | D:1      | 0 ||| PLANNING D:1-11
   186 | D:1      | Reached XP level 2. HP: 17/17 MP: 2/2
   987 | D:1      | 987 ||| READING scroll labelled LIANGACSIURIWK.
   988 | D:1      | 988 ||| READING scroll labelled HEOPNEGYUCH.
   989 | D:1      | 989 ||| DROPPING scroll of butterflies.
  1070 | D:2      | Reached XP level 3. HP: 18/21 MP: 3/3
  1101 | D:2      | Reached skill level 5 in Ranged Weapons
  1188 | D:2      | Reached skill level 3 in Fighting
  1301 | D:2      | Reached XP level 4. HP: 26/28 MP: 4/4
  1690 | D:2      | 1690 ||| UPGRADING to +0 ring mail.
  1700 | D:2      | 1700 ||| DROPPING +0 leather armour.
  1701 | D:2      | 1701 ||| UPGRADING to +6 ring of strength.
  1702 | D:2      | 1702 ||| READING scroll labelled JAPHAN SOMURCH.
  1706 | D:2      | 1706 ||| READING scroll labelled XAF MIMELIKHI.
  1707 | D:2      | 1707 ||| DRINKING 2 amethyst potions.
  1708 | D:2      | 1708 ||| DRINKING 2 fizzy cyan potions.
  1709 | D:2      | 1709 ||| DROPPING potion of brilliance.
  1740 | D:3      | 1740 ||| STAIRDANCE
  1955 | D:3      | Reached skill level 1 in Armour
  2007 | D:3      | Reached XP level 5. HP: 32/32 MP: 5/5
  2312 | D:3      | 2312 ||| READING scroll labelled HOTOUDW XOXZY.
  2313 | D:3      | 2313 ||| DRINKING 2 cyan potions.
  2314 | D:3      | 2314 ||| DROPPING potion of attraction.
  2362 | D:4      | 2362 ||| PLANNING SEWER
  2365 | D:4      | 2365 ||| STAIRDANCE
  2395 | D:4      | 2395 ||| STAIRDANCE
  2419 | D:3      | Reached skill level 6 in Ranged Weapons
  2446 | D:4      | 2446 ||| STAIRDANCE
  2454 | D:4      | 2454 ||| STAIRDANCE
  2464 | D:3      | HP: 8/32 [something (1)]
  2465 | D:3      | 2465 ||| READING scroll of teleportation.
  2627 | D:4      | 2627 ||| STAIRDANCE
  2635 | D:4      | 2635 ||| STAIRDANCE
  2674 | D:4      | HP: 4/32 [orc wizard/magic dart (6)]
  2674 | D:4      | Killed from afar by an orc wizard

Levels and vault maps discovered:
D:1:      amcnicky_arrival_choice, layout_basic
D:2:      layout_basic, hangedman_decor_push, minmay_tripent
D:3:      layout_basic
D:4:      layout_basic, gup_sewer_entry_bowl, minmay_misc_feat_pillars,
          uniq_pikel, uniq_crazy_yiuf_cottage

Skill      XL: |  1  2  3  4  5 |
---------------+----------------+-----
Ranged Weapons | 5 6 |  6.0
Fighting       | 3 |  3.6
Armour         | 1 |  1.0
Dodging        | |  1.5
Stealth        | |  1.1

Action                     |  1- 3 |  4- 6 || total
---------------------------+-------+-------++-------
   Fire: Shortbow          |    77 |   165 ||   242
    Use: Scroll            |     2 |     4 ||     6
         Potion            |       |     3 ||     3
 Armour: Leather armour    |     9 |     2 ||    11
         Ring mail         |       |    93 ||    93
  Dodge: Dodged            |     8 |    75 ||    83

Table legend:
 A = Non-vault XP
 B = Vault XP
 C = Vault XP percentage of total XP
 D = Non-vault monster count
 E = Vault monster count
 F = Vault count percentage of total count
                 A         B        C        D         E       F
            +---------+---------+-------+---------+---------+-------
      Total |     242 |      16 |   6.2 |      70 |       2 |   2.8
            +---------+---------+-------+---------+---------+-------
        D:1 |      22 |       0 |   0.0 |      12 |       0 |   0.0
        D:2 |      73 |      16 |  18.0 |      25 |       2 |   7.4
        D:3 |     147 |       0 |   0.0 |      33 |       0 |   0.0
            +---------+---------+-------+---------+---------+-------
